 Dungeon Crawl Stone Soup version 0.28.0-53-g5a82cb258f (webtiles) character file.

Game seed: 12961557407528582143

108 Jerry the Shield-Bearer (level 4, 0/24 HPs)
             Began as a Vine Stalker Fighter on July 30, 2022.
             Succumbed to a water moccasin's poison
             ... on level 6 of the Dungeon.
             The game lasted 00:06:23 (2587 turns).

Jerry the Shield-Bearer (Vine Stalker Fighter)      Turns: 2587, Time: 00:06:24

Health: 0/24       AC:  9    Str: 19    XL:     4   Next: 87%
Magic:  0/5        EV:  9    Int:  8    God:
Gold:   64         SH:  5    Dex: 15    Spells: 3/3 levels left

rFire   . . .      SeeInvis .   j - +2 dagger (venom)
rCold   . . .      Faith    .   c - +0 buckler
rNeg    . . .      Spirit   +   b - +0 scale mail
rPois   .          Reflect  .   h - +2 helmet
rElec   .          Harm     .   (no cloak)
rCorr   .          Rampage  .   (no gloves)
Will    .....                   (no boots)
Stlth   ..........              (no amulet)
HPRegen 0.88/turn               (no ring)
MPRegen 0.09/turn               (no ring)

@: lethally poisoned (0 -> -2)
A: fangs 2, regeneration 1, magic shield, antimagic bite, no potion heal 2
a: no special abilities


You were on level 6 of the Dungeon.
You visited 1 branch of the dungeon, and saw 4 of its levels.

You collected 64 gold pieces.

Inventory:

Hand Weapons
 a - a +1 rapier
 j - a +2 dagger of venom (weapon)
Armour
 b - a +0 scale mail (worn)
 c - a +0 buckler (worn)
 h - a +2 helmet (worn)
Scrolls
 e - a scroll of enchant weapon
Potions
 d - a potion of might
 f - a potion of berserk rage {unknown}
 g - a potion of mutation {unknown}
 i - a potion of cancellation


   Skills:
 + Level 3.3 Fighting
 + Level 2.5 Short Blades
 + Level 3.0 Armour
 + Level 3.4 Shields


You had 3 spell levels left.
You didn't know any spells.
Your spell library contained the following spells:

 Spells                   Type           Power      Damage    Failure   Level
 Gell's Gravitas          Tloc           0%         N/A       99%         3
 Lesser Beckoning         Tloc           0%         N/A       99%         3
 Teleport Other           Tloc           0%         N/A       99%         3


Dungeon Overview and Level Annotations

Branches:
Dungeon (3/15)

Altars:

Shops:
D:2 (


Innate Abilities, Weirdness & Mutations

You have extremely sharp teeth.
Your natural rate of healing is unusually fast.
When hurt, damage is shared between your health and your magic reserves.
Your bite disrupts and absorbs the magic of your enemies.
Potions cannot restore your health.


Message History

* * * LOW HITPOINT WARNING * * *
The bullfrog closely misses you. The water moccasin closely misses you.
You block the bullfrog's attack.
Found 28 bolts.
The howler monkey hoots and howls with incredible vigour!
An adder comes into view.
The bullfrog hits you.
* * * LOW HITPOINT WARNING * * *
You hear an angry hiss.
You hear a shout!
Found a pair of embroidered gloves.
The water moccasin bites you!
* * * LOW HITPOINT WARNING * * *
The bullfrog hits you but does no damage.
The water moccasin bites you but does no damage.
The bullfrog barely misses you. You block the bullfrog's attack.
Found a leather armour.
The howler monkey hoots and howls with incredible vigour!
You block the water moccasin's attack. The bullfrog closely misses you.
The adder hisses angrily.
You hear a shout!
The howler monkey hoots and howls with incredible vigour!
The bullfrog hits you but does no damage.
You hear an angry hiss.
You hear a shout!
The water moccasin completely misses you.
The bullfrog hits you.
* * * LOW HITPOINT WARNING * * *
Found a mace and a smoking war axe.
The water moccasin bites you but does no damage.
The bullfrog hits you.
* * * LOW HITPOINT WARNING * * *
A sky beast comes into view.
The water moccasin bites you.
* * * LOW HITPOINT WARNING * * *
You are lethally poisoned!
The water moccasin poisons you!
Found a scroll of identify.
* * * LOW HITPOINT WARNING * * *
You feel very sick.
Found a stone staircase leading up.
* * * LOW HITPOINT WARNING * * *
You feel sick. You block the bullfrog's attack.
You die...

##### #...# #.. ##...#
###.. .##..# ###.[..####
.....#####.........##
.....##.............#
......#.............##
.....................#
........[..g...#@....#
............lhF.##..##
...........g..SY.....#
.......(...SY##........
...##.###....#..........
....### ##..##<.........
#..... ....###.........
............ .........
..........#.......##.#


You could see a water moccasin, an ice beast, a sky beast, a bullfrog, a howler
monkey, an iguana, a gnoll and an adder.

Vanquished Creatures
  A bullfrog skeleton (D:6)
  Robin (D:2)
  A gnoll (D:6)
  An adder (D:2)
  4 endoplasms
  A giant cockroach (D:2)
  10 goblins
  9 hobgoblins
  3 jackals (D:2)
  2 quokkas (D:1)
  A ball python (D:2)
  4 bats (D:1)
  5 frilled lizards
  4 kobolds
  A rat (D:1)
48 creatures vanquished.

Notes
Turn   | Place    | Note
-------+----------+-------------------------------------------
     0 | D:1      | Jerry the Vine Stalker Fighter began the quest for the Orb.
     0 | D:1      | Reached XP level 1. HP: 11/11 MP: 2/2
   281 | D:1      | Reached XP level 2. HP: 16/16 MP: 3/3
  1354 | D:2      | Noticed Robin
  1358 | D:2      | Reached XP level 3. HP: 19/20 MP: 4/4
  1703 | D:2      | Killed Robin
  2133 | D:2      | Found Feaffus's Weapon Shoppe.
  2244 | D:2      | Gained mutation: Your natural rate of healing is unusually
                  | fast. [Vine Stalker growth]
  2244 | D:2      | Reached XP level 4. HP: 24/24 MP: 5/5
  2535 | D:3      | You fall into a shaft and drop 3 floors!
  2561 | D:6      | Noticed an ice beast
  2566 | D:6      | Noticed a water moccasin
  2567 | D:6      | Noticed a bullfrog
  2584 | D:6      | Noticed a sky beast
  2585 | D:6      | HP: 1/24 [poisoned by a water moccasin]
  2587 | D:6      | Succumbed to a water moccasin's poison

Illustrated notes

Levels and vault maps discovered:
D:1:      scummos_arrival_gate, layout_basic, roderic_cross_of_infinity,
          roderic_filled_cross, minmay_misc_feat_encased
D:2:      layout_basic, serial_shops, shop_fountains, uniq_robin
D:3:      layout_loops_ring, gammafunk_temple_overflow_statue,
          ebering_ecumenical_altar_abandoned, kennysheep_jessica_study
D:6:      layout_cave_pools, marbit_many_paths, led_sif_book,
          minmay_temple_entry_purple_smoke

Skill      XL: |  1  2  3  4 |
---------------+-------------+-----
Short Blades   | 2 |  2.5
Shields        | 3 |  3.4
Fighting       | 3 |  3.3
Armour         | 3 |  3.0

Action                   |  1- 3 |  4- 6 || total
-------------------------+-------+-------++-------
Melee: Rapier            |   106 |       ||   106
       Bite              |    25 |     6 ||    31
       Dagger            |     7 |    20 ||    27
  Use: Scroll            |     1 |     1 ||     2
Armor: Scale mail        |    55 |    10 ||    65
Dodge: Dodged            |    53 |    13 ||    66
Block: Buckler           |    25 |     8 ||    33
